 Dungeon Crawl Stone Soup version 0.30-a0-476-g330ca2eb8e (webtiles) character file.

Game seed: 8283047849403772921

273 bande the Covered (level 6, -4/38 HPs)
             Began as a Gargoyle Fighter on Dec 22, 2022.
             Slain by an ogre
             ... wielding a +0 giant spiked club
              (24 damage)
             ... on level 4 of the Dungeon.
             The game lasted 00:05:53 (3403 turns).

bande the Covered (Gargoyle Fighter)                Turns: 3403, Time: 00:05:54

Health: -4/38      AC: 13    Str: 20    XL:     6   Next: 23%
Magic:  6/6        EV:  9    Int:  8    God:
Gold:   230        SH:  9    Dex: 11    Spells: 5/5 levels left

rFire   + . .      SeeInvis .    a - +1 war axe
rCold   . . .      Faith    .    c - +0 buckler
rNeg    + . .      Spirit   .    b - +0 scale mail
rPois   ∞          Reflect  +    (no helmet)
rElec   +          Harm     .    (no cloak)
rCorr   .          Rampage  .    n - +1 pair of gloves
Will    .....                    (no boots)
Stlth   ..........               g - amulet of reflection
HPRegen 0.26/turn                h - ring of protection from fire
MPRegen 0.10/turn                (no ring)

@: no status effects
A: sickness immunity, AC +4, negative energy resistance 1, electricity
resistance, torment resistance 1, petrification resistance
a: no special abilities


You were on level 4 of the Dungeon.
You visited 2 branches of the dungeon, and saw 5 of its levels.

You collected 230 gold pieces.

Inventory:

Hand Weapons
 a - a +1 war axe (weapon)
 i - a +0 flail
 p - a +0 war axe
Armour
 b - a +0 scale mail (worn)
 c - a +0 buckler (worn)
 n - a +1 pair of gloves (worn)
Jewellery
 g - an amulet of reflection (around neck)
 h - a ring of protection from fire (left hand)
Wands
 m - a wand of charming (9)
Potions
 d - a potion of might
 e - 2 potions of berserk rage
 f - 2 potions of curing
 j - a potion of mutation
 k - a potion of heal wounds
 l - a potion of resistance
 o - a potion of magic {unknown}


   Skills:
 + Level 4.2 Fighting
 + Level 3.7 Axes
 + Level 4.6 Armour
 + Level 4.0 Shields
 * Level 1.2 Evocations


You had 5 spell levels left.
You didn't know any spells.
Your spell library contained the following spells:

 Spells                   Type           Power      Damage    Failure   Level
 Kiss of Death            Conj/Necr      0%         2d5       83%         1
 Sting                    Tmut/Pois      0%         1d3       83%         1
 Poisonous Vapours        Pois/Air       0%         N/A       93%         2
 Confusing Touch          Hex            0%         N/A       99%         3
 Frozen Ramparts          Ice            0%         1d1       99%         3
 Hailstorm                Conj/Ice       0%         3d3       99%         3
 Dispel Undead            Necr           0%         3d6       100%        4
 Ice Form                 Ice/Tmut       0%         N/A       100%        4
 Olgreb's Toxic Radiance  Pois           0%         N/A       100%        4
 Summon Ice Beast         Ice/Summ       0%         N/A       100%        4
 Simulacrum               Ice/Necr       0%         N/A       100%        6


Dungeon Overview and Level Annotations

Branches:
Dungeon (4/15)             Temple (1/1) D:4

Altars:
Ashenzari
Cheibriados
Elyvilon
Gozag
Hepliaklqana
Kikubaaqudgha
Makhleb
Qazlal
Ru
Sif Muna
Vehumet
Wu Jian
Xom
Yredelemnul
Zin
The Shining One

Annotations:
D:1 1 transporter


Innate Abilities, Weirdness & Mutations

You are immune to sickness and miasma.
Your stone body is resilient. (AC +4)
You are immune to poison.
You resist negative energy. (rN+)
You are resistant to electric shocks. (rElec)
You are resistant to unholy torment.
You are immune to petrification.


Message History

You closely miss the hound.
The hound is heavily wounded.
You block the hound's attack. The hound bites you.
You hit the hound.
The hound is severely wounded.
The hound bites you but does no damage. x2
You slash the hound!
You kill the hound!
Your Shields skill increases to level 4!
Things that are here:
a +0 club; an orc corpse
Things that are here:
a +0 club; an orc corpse You see here a +0 club.
Items here: )) ††.
Things that are here:
a +0 flail; an orc corpse
q - a +0 flail You drop a +0 flail.
As you read the scroll labelled PASE COASE UTU, it crumbles to dust.
It is a scroll of enchant armour.
Your +0 pair of gloves glows green for a moment.
HP restored.
You now have 211 gold pieces (gained 11).
Things that are here:
a +0 club; an orc corpse You now have 220 gold pieces (gained 9).
You now have 230 gold pieces (gained 10).
o - an amethyst potion An ogre comes into view.
It is wielding a +0 giant spiked club.
The ogre shouts!
The ogre hits you with a +0 giant spiked club!
You slash the ogre!
The ogre is heavily wounded.
The ogre hits you with a +0 giant spiked club.
You hit the ogre.
The ogre is heavily wounded.
The ogre hits you with a +0 giant spiked club!!
Ouch! That really hurt!
You die...

#........# ...
######...# ##..
##....# #...
.####...... ...#
........... #..#
.......)... #..#
.......))). ## #O.#
........... #.# #@##
#.....>.... #.##..#
##...........
#.#..##.............
#.......####.......
#......## ##.....#
###....### ##....#
#...#..### #....#
##.###...#######....#
#.## ##.............#


You could see an ogre.

Vanquished Creatures
  2 hounds (D:4)
  2 orc priests (D:4)
  An iguana (D:4)
  4 gnolls
  2 adders
  A worm (D:4)
  2 dart slugs
  8 orcs (D:4)
  8 endoplasms
  3 giant cockroaches
  6 goblins
  4 kobolds
  2 quokkas
  7 ball pythons
  5 bats
  2 frilled lizards
  4 rats
63 creatures vanquished.

Vanquished Creatures (others)
  16 plants (D:2)
16 creatures vanquished.

Grand Total: 79 creatures vanquished

Notes
Turn   | Place    | Note
-------+----------+-------------------------------------------
     0 | D:1      | bande the Gargoyle Fighter began the quest for the Orb.
     0 | D:1      | Reached XP level 1. HP: 14/14 MP: 1/1
   159 | D:1      | Reached XP level 2. HP: 18/19 MP: 2/2
   726 | D:2      | Reached XP level 3. HP: 24/24 MP: 3/3
  1486 | D:3      | Reached XP level 4. HP: 17/29 MP: 4/4
  1819 | D:2      | Found an opulent altar of Gozag.
  2681 | D:4      | Reached XP level 5. HP: 27/33 MP: 5/5
  3039 | D:4      | Found the +7 staff of the Meek {protect, meekguard}
  3074 | D:4      | Found a staircase to the Ecumenical Temple.
  3080 | Temple   | Entered the Ecumenical Temple
  3231 | D:4      | Reached skill level 1 in Evocations
  3259 | D:4      | Reached XP level 6. HP: 28/38 MP: 6/6
  3403 | D:4      | Slain by an ogre

Illustrated notes

Levels and vault maps discovered:
D:1:      spicycebolla_arrival_risky_transporter, layout_basic
D:2:      layout_loops_ring, basic_altar, minivault_14, nicolae_grassy_gnolls
D:3:      layout_loops_cross
D:4:      layout_layer_cave, minmay_temple_entry_offerings,
          pf_guarded_unrand_meek
Temple:   regret_index_temple_sphere_string

Skill      XL: |  1  2  3  4  5  6 |
---------------+-------------------+-----
Axes           | 2 3 |  3.7
Armour         | 4 |  4.6
Fighting       | 4 |  4.2
Evocations     | 1 |  1.2
Shields        | 4 |  4.0

Action                   |  1- 3 |  4- 6 || total
-------------------------+-------+-------++-------
Melee: War axe           |    87 |    96 ||   183
  Use: Scroll            |     3 |    11 ||    14
Armor: Scale mail        |    70 |    47 ||   117
Dodge: Dodged            |    41 |    53 ||    94
Block: Buckler           |    18 |    37 ||    55

Table legend: (Time is in decaauts)
 A = Elapsed time spent in this place.
 B = Non-inter-level travel time spent in this place.
 C = Inter-level travel time spent in this place.
 D = Time resting spent in this place.
 E = Time spent auto-exploring this place.
 F = Levels seen in this place.
 G = Mean time per level.
                   A        B        C        D        E       F      G
               +--------+--------+--------+--------+--------+-----+--------+
         Total |   3483 |   3467 |     16 |    945 |   1869 |   5 |  696.6 |
       Dungeon |   3336 |   3320 |     16 |    945 |   1745 |   4 |  834.0 |
        Temple |    146 |    146 |      0 |      0 |    124 |   1 |  146.0 |
               +--------+--------+--------+--------+--------+-----+--------+

Top non-repeatable levels by time:
     D:3: 1301 daAuts
     D:2: 705 daAuts
     D:1: 675 daAuts
     D:4: 653 daAuts
  Temple: 146 daAuts
